 Seeded DCSS version 0.32-a0-960-g3814254bd7 (webtiles) character file.

Game seed: 202404171 (custom seed)

13723 Orlauf the Cleaver (level 11, -9/92 HPs)
             Began as a Demonspawn Gladiator on Apr 17, 2024.
             Was a High Priest of Uskayaw.
             Mangled by a freezing wraith (15 damage)
             ... on level 10 of the Dungeon.
             The game lasted 00:19:23 (10836 turns).

Orlauf the Cleaver (Demonspawn Gladiator)          Turns: 10836, Time: 00:19:24

Health: -9/92      AC: 18    Str: 20    XL:     11   Next: 79%
Magic:  0/17       EV: 13    Int:  8    God:    Uskayaw [*****.]
Gold:   752        SH:  0    Dex: 14    Spells: 10/10 levels left

rFire   + . .        a - +1 war axe
rCold   . . .        (no shield)
rNeg    . . .        z - +1 chain mail {rC+}
rPois   .            (helmet restricted)
rElec   .            e - +0 cloak
rCorr   .            (no gloves)
SInv    .            (no boots)
Will    .....        G - amulet of regeneration Stlth
                     D - +5 ring of evasion
HPRegen 1.15/turn    H - ring "Biucza Boym" {Fly rF+ rC- AC+4 Slay+3}
MPRegen 0.30/turn

%: guardian spirit
@: flying, slowed, very slow
A: horns 2, molten scales 1, foul stench 1, magic shield, magic regeneration
a: Renounce Religion, Stomp, Line Pass, Grand Finale


You were on level 10 of the Dungeon.
You worshipped Uskayaw.
Uskayaw was aware of your devotion.
You visited 2 branches of the dungeon, and saw 14 of its levels.
You also visited: Sewer.

You collected 752 gold pieces.

Inventory:

Hand Weapons
 a - a +1 war axe (weapon)
 b - a +2 mace of protection
 y - a +2 heavy hand axe
 C - a +0 battleaxe
Missiles
 d - a throwing net
 l - 31 poisoned darts
 m - 2 curare-tipped darts
Armour
 e - a +0 cloak (worn)
 g - a +0 plate armour
 z - a +1 chain mail of cold resistance (worn)
Jewellery
 v - an amulet of the acrobat
 D - a +5 ring of evasion (left hand)
 G - an amulet of regeneration (around neck)
 H - the ring "Biucza Boym" (right hand) {Fly rF+ rC- AC+4 Slay+3}
   (You found it on level 10 of the Dungeon)

   [ring of protection]

   AC+4:      It affects your AC (+4).
   Slay+3:    It affects your accuracy & damage with ranged weapons and melee
   (+3).
   rF+:       It protects you from fire.
   rC-:       It makes you vulnerable to cold.
   Fly:       It grants you flight.
 K - a +6 ring of strength
Wands
 q - a wand of paralysis (11) (quivered)
 x - a wand of polymorph (4)
 B - a wand of flame (31)
 I - a wand of mindburst (9)
Scrolls
 c - 2 scrolls of enchant weapon
 i - 5 scrolls of teleportation
 p - 3 scrolls of fog
 u - 3 scrolls of vulnerability
 w - 3 scrolls of identify
 A - 2 scrolls of amnesia
 F - 3 scrolls of blinking
Potions
 f - 2 potions of haste
 h - 10 potions of curing
 j - 2 potions of enlightenment
 k - 3 potions of attraction
 n - 3 potions of brilliance
 o - 2 potions of magic
 r - a potion of cancellation
 s - 3 potions of might
 t - a potion of lignification
 E - a potion of mutation
 J - a potion of ambrosia {unknown}


   Skills:
 - Level 10.7 Fighting
 + Level 12.2 Axes
 - Level 1.7 Throwing
 * Level 5.7 Armour
 - Level 2.6 Dodging
 + Level 9.3 Invocations


You had 10 spell levels left.
You didn't know any spells.
Your spell library contained the following spells:

 Spells                   Type           Power      Damage    Failure   Level
 Apportation              Tloc           0%         N/A       96%         1
 Magic Dart               Conj           0%         1d3       96%         1
 Necrotise                Necr           0%         1d4       96%         1
 Sandblast                Erth           0%         2d4       96%         1
 Sting                    Conj/Alch      0%         1d3       96%         1
 Summon Small Mammal      Summ           0%         N/A       96%         1
 Ensorcelled Hibernation  Hex/Ice        0%         N/A       99%         2
 Searing Ray              Conj           0%         2d4       99%         2
 Sublimation of Blood     Necr           0%         N/A       99%         2
 Dazzling Flash           Conj/Hex       0%         N/A       100%        3
 Fugue of the Fallen      Necr           0%         N/A       100%        3
 Mephitic Cloud           Conj/Alch/Air  0%         N/A       100%        3
 Passwall                 Erth           0%         N/A       100%        3
 Sigil of Binding         Hex            0%         N/A       100%        3
 Stone Arrow              Conj/Erth      0%         3d7       100%        3
 Teleport Other           Tloc           0%         N/A       100%        3
 Tukima's Dance           Hex            0%         N/A       100%        3
 Anguish                  Hex/Necr       0%         N/A       100%        4
 Cause Fear               Hex            0%         N/A       100%        4
 Fulminant Prism          Conj/Alch      0%         3d5       100%        4
 Leda's Liquefaction      Alch/Erth      0%         N/A       100%        4
 Passage of Golubria      Tloc           0%         N/A       100%        4
 Petrify                  Alch/Erth      0%         N/A       100%        4
 Curse of Agony           Necr           0%         N/A       100%        5
 Metabolic Englaciation   Hex/Ice        0%         N/A       100%        5
 Silence                  Hex/Air        0%         N/A       100%        5
 Yara's Violent Unravell  Hex/Alch       0%         3d3       100%        5
 Dispersal                Tloc           0%         N/A       100%        6
 Gell's Gavotte           Tloc           0%         2d(11-16) 100%        6
 Enfeeble                 Hex            0%         N/A       100%        7
 Rimeblight               Ice/Necr       0%         2d3       (prima100%   7


Dungeon Overview and Level Annotations

Branches:
Dungeon (13/15)            Temple (1/1) D:6           Sewer (visited)
   Lair: D:8-11         Orc: D:9-12      Vaults: D:13-14

Altars:
Ashenzari
Cheibriados
Dithmenos
Fedhas
Gozag
Hepliaklqana
Kikubaaqudgha
Makhleb
Nemelex Xobeh
Okawaru
Qazlal
Ru
Sif Muna
Trog
Uskayaw
Vehumet
Wu Jian
Xom
Yredelemnul

Shops:
D:1 [   D:9 *   D:10 =

Annotations:
D:7 3 runed translucent doors, knightboat's ghost, novice MDCA
D:9 2 transporters
Temple 2 transporters


Innate Abilities, Weirdness & Mutations

You have a pair of horns on your head.
You are partially covered in molten scales. (AC +2)
You may rarely emit foul miasma when damaged in melee.
When hurt, damage is shared between your health and your magic reserves.
You regenerate magic rapidly.


Message History

The freezing wraith is moderately damaged.
You hit the freezing wraith. The freezing wraith hits you.
The freezing wraith freezes you!!
* * * LOW HITPOINT WARNING * * *
The freezing wraith barely misses you. The freezing wraith closely misses you.
The freezing wraith hits you but does no damage.
Uskayaw will force your foes to share their pain.
Uskayaw links your audience in an emotional bond!
You closely miss the freezing wraith.
Your headbutt misses the freezing wraith.
The freezing wraith is moderately damaged.
You closely miss the freezing wraith.
The freezing wraith hits you but does no damage.
The freezing wraith barely misses you. The freezing wraith closely misses you.
The freezing wraith completely misses you.
You slash the freezing wraith!
You destroy the freezing wraith!
You hit the freezing wraith but do no damage.
The freezing wraith hits you but does no damage. x2
You slash the freezing wraith!
The freezing wraith is almost destroyed.
The freezing wraith hits you but does no damage.
The freezing wraith hits you.
* * * LOW HITPOINT WARNING * * *
The freezing wraith drains your vigour!
You feel as though you will be slow longer.
The freezing wraith hits you.
* * * LOW HITPOINT WARNING * * *
The freezing wraith freezes you!
* * * LOW HITPOINT WARNING * * *
The freezing wraith closely misses you.
You can now merge with and destroy a victim.
Okay, then.
You completely miss the freezing wraith.
The freezing wraith is almost destroyed.
The freezing wraith hits you!
* * * LOW HITPOINT WARNING * * *
The freezing wraith freezes you!
You die...
Your body falls in perfect tune with the rhythm.

######## #. #......# #.
#......####### #..
#............< #...
#.............
#...######.............
#........#.............
#.....W..#.............
#.....@..#.............
########'#...........##
....................+
....................#
....#++###..........#
##. #..........# #
#.######...## #.#
#..... #.+ #.....


You could see a freezing wraith (pain bonded).

Vanquished Creatures
  3 two-headed ogres
  An ugly thing (D:13)
  A manticore (D:13)
  A rust devil (D:13)
  A gargoyle (D:12)
  Maggie (D:6)
  2 freezing wraiths (D:10)
  A komodo dragon (D:9)
  A hellwing (D:13)
  A troll (D:10)
  Grinder (D:6)
  5 slime creatures (D:13)
  2 ynoxinuls (D:13)
  Eustachio (D:5)
  13 yaks
  4 steam dragons
  3 orc warriors (D:7)
  A water moccasin (D:7)
  3 sky beasts
  3 black bears
  4 ice beasts
  4 ogres
  A crocodile (Sewer)
  5 centaurs
  A phantom (D:7)
  Blork the orc (D:4)
  3 kobold brigands
  6 bullfrogs
  2 scorpions
  13 wights
  9 killer bees
  2 howler monkeys
  A bombardier beetle (D:5)
  4 orc priests
  3 hounds
  4 jellies
  A gnoll bouda (D:5)
  5 sleepcaps
  6 iguanas
  Ijyb (D:5)
  5 orc wizards
  Robin (D:5)
  12 adders
  11 gnolls
  4 river rats
  A shadow imp (D:8)
  3 white imps
  2 ufetubi (D:5)
  A dart slug (D:2)
  8 ribbon worms
  27 orcs
  6 ball pythons
  12 endoplasms
  A giant cockroach (D:4)
  8 hobgoblins
  4 jackals (D:2)
  21 kobolds
  3 quokkas
  2 bats (D:2)
  4 frilled lizards
  13 goblins
  10 rats
284 creatures vanquished.

Notes
Turn   | Place    | Note
-------+----------+-------------------------------------------
     0 | D:1      | Orlauf the Demonspawn Gladiator began the quest for the
                  | Orb.
     0 | D:1      | Reached XP level 1. HP: 16/16 MP: 1/1
   183 | D:1      | Reached skill level 3 in Axes
   221 | D:1      | Found Uclo's Armour Shop.
   265 | D:1      | Gained mutation: You regenerate magic rapidly. [demonic
                  | ancestry]
   265 | D:1      | Reached XP level 2. HP: 22/22 MP: 2/2
   823 | D:1      | Found a faded altar of an unknown god.
   906 | D:2      | Reached XP level 3. HP: 28/28 MP: 3/3
  1316 | D:2      | Reached skill level 4 in Axes
  1316 | D:2      | Gained mutation: You have a pair of small horns on your
                  | head. [demonic ancestry]
  1316 | D:2      | Reached XP level 4. HP: 32/35 MP: 4/4
  2051 | D:3      | Found a stormy altar of Qazlal.
  2154 | D:3      | Gained mutation: You may rarely emit foul miasma when
                  | damaged in melee. [demonic ancestry]
  2154 | D:3      | Reached XP level 5. HP: 19/41 MP: 5/5
  2414 | D:3      | Noticed Grinder
  2414 | D:3      | Paralysed by Grinder for 5 turns
  2777 | D:4      | Reached skill level 5 in Axes
  2958 | D:4      | Found a glowing drain.
  2965 | Sewer    | Entered a sewer
  2973 | Sewer    | Reached XP level 6. HP: 46/48 MP: 6/6
  3460 | Sewer    | Reached skill level 6 in Axes
  3614 | D:4      | Gained mutation: When hurt, damage is shared between your
                  | health and your magic reserves. [demonic ancestry]
  3614 | D:4      | Reached XP level 7. HP: 24/55 MP: 7/7
  4001 | D:4      | Reached skill level 5 in Fighting
  4179 | D:4      | Reached skill level 7 in Axes
  4223 | D:4      | Noticed Blork the orc
  4238 | D:4      | Killed Blork the orc
  4422 | D:5      | Entered Level 5 of the Dungeon
  4485 | D:5      | Gained mutation: You have a pair of horns on your head.
                  | [demonic ancestry]
  4485 | D:5      | Reached XP level 8. HP: 24/64 MP: 3/8
  4699 | D:5      | Noticed Eustachio
  4717 | D:5      | Reached skill level 8 in Axes
  4720 | D:5      | Killed Eustachio
  5086 | D:5      | Reached skill level 9 in Axes
  5159 | D:5      | Noticed Ijyb
  5161 | D:5      | Noticed Robin
  5170 | D:5      | Paralysed by Ijyb for 2 turns
  5172 | D:5      | Killed Robin
  5175 | D:5      | Paralysed by Ijyb for 3 turns
  5178 | D:5      | Killed Ijyb
  5299 | D:5      | Gained mutation: You are partially covered in molten
                  | scales. (AC +2) [demonic ancestry]
  5299 | D:5      | Reached XP level 9. HP: 70/72 MP: 7/9
  5739 | D:5      | Found a hazy altar of Hepliaklqana.
  5739 | D:5      | Found an opulent altar of Gozag.
  6033 | D:6      | Noticed Maggie
  6058 | D:6      | Killed Maggie
  6059 | D:6      | Reached skill level 10 in Axes
  6293 | D:6      | Found a staircase to the Ecumenical Temple.
  6303 | Temple   | Found a transporter.
  6303 | Temple   | Found a transporter.
  6303 | Temple   | Found a transporter.
  6303 | Temple   | Found a transporter.
  6303 | Temple   | Entered the Ecumenical Temple
  6319 | Temple   | Became a worshipper of Uskayaw the Reveller
  6354 | D:6      | Reached * piety under Uskayaw
  6362 | D:6      | Killed Grinder
  6363 | D:6      | Reached skill level 1 in Invocations
  6450 | D:6      | Reached ** piety under Uskayaw
  6452 | D:6      | Reached *** piety under Uskayaw
  7004 | D:7      | Reached **** piety under Uskayaw
  7380 | D:7      | Reached XP level 10. HP: 52/82 MP: 8/13
  7381 | D:7      | Reached ***** piety under Uskayaw
  7809 | D:7      | Found a runed translucent gate.
  7810 | D:7      | Found a runed translucent gate.
  7811 | D:7      | Found a burning altar of Makhleb.
  7811 | D:7      | Noticed a cacodemon
  7818 | D:7      | Found a runed translucent gate.
  7819 | D:7      | Noticed knightboat's ghost (novice MDCA)
  8478 | D:8      | Reached skill level 11 in Axes
  8481 | D:8      | Reached skill level 5 in Invocations
  8889 | D:9      | Reached skill level 10 in Fighting
  9371 | D:9      | Noticed a two-headed ogre
  9395 | D:9      | Found a transporter.
  9429 | D:9      | Noticed a manticore
  9534 | D:9      | Found a transporter.
  9541 | D:9      | Noticed a manticore
  9807 | D:9      | Found Beuthrog's General Store.
 10053 | D:10     | Entered Level 10 of the Dungeon
 10165 | D:10     | Found Vauqoh's Jewellery Shop.
 10192 | D:10     | Identified the ring "Biucza Boym" {Fly rF+ rC- AC+4 Slay+3}
 10219 | D:10     | Noticed a two-headed ogre
 10228 | D:10     | Killed a two-headed ogre
 10229 | D:10     | Reached XP level 11. HP: 92/92 MP: 16/16
 10327 | D:10     | Reached skill level 1 in Armour
 10447 | D:10     | You are sucked into a shaft and drop 3 floors!
 10487 | D:13     | Reached ****** piety under Uskayaw
 10508 | D:13     | Noticed a brown ugly thing
 10509 | D:13     | Noticed a two-headed ogre
 10525 | D:13     | Killed a brown ugly thing
 10564 | D:13     | Killed a two-headed ogre
 10570 | D:13     | Reached skill level 12 in Axes
 10695 | D:11     | Noticed a two-headed ogre
 10702 | D:11     | Killed a two-headed ogre
 10703 | D:11     | Reached skill level 5 in Armour
 10836 | D:10     | Mangled by a freezing wraith

Illustrated notes

Levels and vault maps discovered:
D:1:      scummos_arrival_checkerplants, layout_basic,
          shapermc_ecumenical_altar_mp_vishouse, serial_shops,
          nicolae_shop_tiny_waterfront
D:2:      layout_loops_ring, hangedman_feature_mirror, minmay_small_reverse_x
D:3:      layout_basic, nicolae_qazlal_general_emergency, uniq_grinder
D:4:      layout_basic, lightli_sewer_entry_pipes, uniq_blork_the_orc
D:5:      wander_river, layout_basic, jmf_multi_god_temple, roderic_lattice_a,
          nicolae_goblin_pals, uniq_eustachio
D:6:      layout_cave_pools, minmay_temple_entry_arrows, uniq_maggie
D:7:      layout_loops_ring, makhleb_altar_promises_db,
          mainiacjoe_overflow_alcove_1, gammafunk_ghost_necromancy
D:8:      layout_rooms, palyth_stone_intersect
D:9:      gammafunk_the_bubble [the_bubble_gammafunk_grid], layout_basic,
          serial_shops, shop
D:10:     minmay_shrinking_squares, layout_irregular_city, serial_shops,
          shop_fountains
D:11:     nzn_winding_woodlands_large [nzn_winding_woodlands_5x5_perimeter,
          nzn_winding_woodlands_5x15_longhouse,
          nzn_winding_woodlands_5x5_open_star,
          nzn_winding_woodlands_center_triple_pond,
          nzn_winding_woodlands_15x15_boxy_spiral,
          nzn_winding_woodlands_center_lodge, nzn_winding_woodlands_5x5_default,
          nzn_winding_woodlands_5x15_eye, nzn_winding_woodlands_5x5_cross],
          layout_gridville, minmay_lair_entry_grove, erik_orc_1,
          item_on_display_a, uniq_josephine
D:12:     layout_roguey, nicolae_two_hexagons, statue_in_the_mist_lemuel
D:13:     layout_irregular_city, serial_demonic, serial_demonic_a,
          serial_demonic_d, serial_demonic_f, serial_demonic_d
Temple:   hellmonk_temple_divided_pantheon

Skill      XL: |  1  2  3  4  5  6  7  8  9 10 11 |
---------------+----------------------------------+-----
Axes           | 3 4 5 6 7 9 10 11 12 | 12.2
Fighting       | 3 4 5 7 8 10 | 10.7
Invocations    | 4 7 9 |  9.3
Armour         | 5 |  5.7
Throwing       | |  1.7
Dodging        | |  2.6

Action                     |  1- 3 |  4- 6 |  7- 9 | 10-12 || total
---------------------------+-------+-------+-------+-------++-------
  Melee: War axe           |   122 |   171 |   319 |   255 ||   867
         Headbutt          |       |    28 |    84 |    54 ||   166
  Throw: Dart              |       |     3 |       |       ||     3
         Javelin           |       |     1 |       |       ||     1
         Throwing net      |       |     2 |     3 |     2 ||     7
  Evoke: Wand              |       |       |       |    10 ||    10
    Use: Scroll            |     4 |     7 |     3 |     4 ||    18
         Potion            |       |     6 |     3 |     3 ||    12
   Stab: Paralysed         |       |       |     9 |    64 ||    73
         Held in net/web   |       |       |       |     2 ||     2
 Armour: Chain mail        |    87 |   151 |   282 |   243 ||   763
         Leather armour    |     2 |       |       |       ||     2
         Skin              |       |    13 |     7 |    13 ||    33
  Dodge: Dodged            |    58 |    77 |   159 |   225 ||   519

Table legend: (Time is in decaauts)
 A = Elapsed time spent in this place.
 B = Non-inter-level travel time spent in this place.
 C = Inter-level travel time spent in this place.
 D = Time resting spent in this place.
 E = Time spent auto-exploring this place.
 F = Levels seen in this place.
 G = Mean time per level.
                   A        B        C        D        E       F      G
               +--------+--------+--------+--------+--------+-----+--------+
         Total |  11059 |  10673 |    386 |   1268 |   7115 |  15 |  737.3 |
       Dungeon |  10341 |   9956 |    385 |   1171 |   6831 |  13 |  795.5 |
        Temple |     40 |     40 |      0 |      0 |      0 |   1 |   40.0 |
         Sewer |    677 |    677 |      0 |     97 |    284 |   1 |  677.0 |
               +--------+--------+--------+--------+--------+-----+--------+

Top non-repeatable levels by time:
     D:5: 1729 daAuts
     D:4: 1223 daAuts
     D:9: 1195 daAuts
     D:7: 1180 daAuts
     D:2: 1044 daAuts
     D:1: 917 daAuts
     D:3: 824 daAuts
     D:6: 780 daAuts
   Sewer: 677 daAuts
     D:8: 671 daAuts
    D:10: 505 daAuts
    D:13: 136 daAuts
    D:12: 99 daAuts
  Temple: 40 daAuts
    D:11: 33 daAuts
